 Dungeon Crawl Stone Soup version 0.30-a0-169-g06f667207d (webtiles) character file.

Game seed: 13725152403798851429

370 qw the Chopper (level 6, -1/38 HPs)
             Began as a Gargoyle Fighter on Sept 29, 2022.
             Slain by a gnoll
             ... wielding a +0 halberd
              (5 damage)
             ... on level 4 of the Dungeon.
             The game lasted 00:01:02 (3154 turns).

qw the Chopper (Gargoyle Fighter)                   Turns: 3154, Time: 00:01:03

Health: -1/38      AC: 13    Str: 19 (21) XL:     6   Next: 70%
Magic:  6/6        EV:  9    Int:  7 (9)  God:
Gold:   146        SH:  4    Dex:  6 (9)  Spells: 5/5 levels left

rFire   . . .      SeeInvis .    Y - +0 war axe
rCold   . . .      Faith    .    c - +0 buckler
rNeg    + . .      Spirit   .    b - +0 scale mail
rPois   inf        Reflect  .    n - +0 helmet
rElec   +          Harm     .    h - +0 cloak
rCorr   .          Rampage  .    (no gloves)
Will    +....                    (no boots)
Stlth   ..........               (no amulet)
HPRegen 0.12/turn                m - ring of willpower
MPRegen 0.10/turn                (no ring)

@: no status effects
A: sickness immunity, AC +4, negative energy resistance 1, electricity
resistance, torment resistance 1, petrification resistance
a: no special abilities


You were on level 4 of the Dungeon.
You visited 1 branch of the dungeon, and saw 4 of its levels.

You collected 146 gold pieces.


Innate Abilities, Weirdness & Mutations

You are immune to sickness and miasma.
Your stone body is resilient. (AC +4)
You are immune to poison.
You resist negative energy. (rN+)
You are resistant to electric shocks. (rElec)
You are resistant to unholy torment.
You are immune to petrification.


   Skills:
 - Level 4.0 Fighting
 + Level 5.7 Axes
 - Level 3.2 Armour
 - Level 1.3 Dodging
 - Level 3.2 Shields


You had 5 spell levels left.
You didn't know any spells.
Your spell library was empty.

Inventory:

Hand Weapons
 o - a +0 morningstar
 Y - a +0 war axe (weapon)
Armour
 b - a +0 scale mail (worn)
 c - a +0 buckler (worn)
 h - a +0 cloak (worn)
 n - a +0 helmet (worn)
Jewellery
 e - a ring of ice
 m - a ring of willpower (left hand)
Potions
 a - a potion of ambrosia {unknown}
 d - a potion of might
 f - a potion of mutation {unknown}
 i - a potion of haste
 j - a potion of curing
 k - a potion of brilliance {unknown}

Dungeon Overview and Level Annotations

Branches:
Dungeon (4/15)
 Temple: D:4-7

Altars:

Shops:
D:2 (


Message History

There is a stone staircase leading down here.
The gnoll shouts!
A gnoll comes into view. It is wielding a +0 flail.
3141 ||| Stepping ~*~*~tactically~*~*~ (hiding).
There is a stone staircase leading down here.
You start waiting.
There are monsters nearby!
3145 ||| Stepping ~*~*~tactically~*~*~ (hiding).
You start waiting.
A gnoll is nearby!
The gnoll hits you from afar with a +0 halberd.
You block the gnoll's attack.
There is a stone staircase leading down here.
You closely miss the gnoll. The gnoll hits you but does no damage.
The gnoll closely misses you.
You barely miss the gnoll. The gnoll hits you with a +0 spear.
The gnoll hits you from afar with a +0 halberd.
You slash the gnoll!
The gnoll is severely wounded.
You block the gnoll's attack.
The gnoll hits you from afar with a +0 halberd.
The gnoll completely misses you. The gnoll hits you with a +0 spear.
You hit the gnoll.
The gnoll is almost dead.
The gnoll hits you with a +0 spear. The gnoll closely misses you.
You closely miss the gnoll.
The gnoll is almost dead.
The gnoll hits you but does no damage. The gnoll barely misses you.
You closely miss the gnoll.
The gnoll is almost dead.
The gnoll shouts!
The gnoll hits you but does no damage.
The gnoll hits you from afar with a +0 halberd!
The gnoll hits you but does no damage.
The gnoll hits you from afar with a +0 halberd.
You slash the gnoll!
You kill the gnoll!
The gnoll hits you from afar with a +0 halberd.
You die...

#. #. g. .#
.. g
..#.##g
.#...#
...?# ...
#.## #g#
.....##)###
#...?@.#
#.##.#.## #
#....#
###.<# #.%#
....#
#.....
#....##
#....#


You could see a gnoll.

Vanquished Creatures
  A scorpion (D:3)
  Jessica (D:2)
  An iguana (D:3)
  Natasha (thrice) (D:3)
  An orc wizard (D:3)
  Terence (D:2)
  Robin (D:3)
  A gnoll (D:4)
  7 adders
  A white imp (D:3)
  5 orcs (D:3)
  5 bats
  A giant cockroach (D:1)
  14 goblins
  9 hobgoblins
  3 jackals (D:1)
  A kobold (D:1)
  5 ball pythons
  A frilled lizard (D:3)
  2 rats
64 creatures vanquished.

Notes
Turn   | Place    | Note
-------+----------+-------------------------------------------
     0 | D:1      | qw the Gargoyle Fighter began the quest for the Orb.
     0 | D:1      | Reached XP level 1. HP: 14/14 MP: 1/1
     0 | D:1      | 0 ||| qw: Version: 0.2-a-12-gaebbb33
     0 | D:1      | 0 ||| qw: Game counter: 1286
     0 | D:1      | 0 ||| qw: Always use a shield: true
     0 | D:1      | 0 ||| qw: God list: Okawaru
     0 | D:1      | 0 ||| qw: Allow faded altars: false
     0 | D:1      | 0 ||| qw: Do Orc after D:15 true
     0 | D:1      | 0 ||| qw: Do second Lair branch before Depths: true
     0 | D:1      | 0 ||| qw: Lair rune preference: random
     0 | D:1      | 0 ||| qw: Plans: Normal, Zot:1-4, God:TSO, Crypt, Tomb,
                  | Pan, Slime:5, Hells, Abyss, Orb
     0 | D:1      | 0 ||| PLANNING D:1-11
   119 | D:1      | Reached skill level 2 in Axes
   340 | D:1      | Reached XP level 2. HP: 18/19 MP: 2/2
   427 | D:1      | Found a faded altar of an unknown god.
   702 | D:1      | 702 ||| READING 2 scrolls labelled ICUNYN HAAJUR.
   703 | D:1      | 703 ||| READING scroll labelled XECOSI JALIDI.
   704 | D:1      | 704 ||| DRINKING 2 puce potions.
   705 | D:1      | 705 ||| DROPPING scroll of vulnerability.
   888 | D:2      | Reached skill level 3 in Axes
   888 | D:2      | Reached XP level 3. HP: 23/23 MP: 3/3
   972 | D:2      | 972 ||| Stepping ~*~*~tactically~*~*~ (stealth).
   973 | D:2      | Noticed Jessica
   975 | D:2      | 975 ||| STAIRDANCE
   979 | D:1      | 979 ||| READING scroll labelled CARIREI KOGEGE.
   982 | D:2      | 982 ||| STAIRDANCE
  1092 | D:2      | Killed Jessica
  1093 | D:2      | Reached XP level 4. HP: 28/28 MP: 4/4
  1236 | D:2      | Reached skill level 4 in Axes
  1557 | D:2      | Found Vuagagev's Weapon Boutique.
  1584 | D:2      | Noticed Terence
  1595 | D:2      | Killed Terence
  1806 | D:2      | 1806 ||| UPGRADING to ring of willpower.
  1807 | D:2      | 1807 ||| READING 2 scrolls labelled ZEWATE ELIMA.
  1808 | D:2      | 1808 ||| READING scroll labelled UREFOT NIORUSO.
  1809 | D:2      | 1809 ||| DROPPING scroll of fear.
  1835 | D:3      | 1835 ||| STAIRDANCE
  1903 | D:3      | 1903 ||| STAIRDANCE
  1925 | D:3      | Noticed a scorpion
  1936 | D:3      | Killed a scorpion
  1937 | D:3      | Reached XP level 5. HP: 15/32 MP: 5/5
  2124 | D:3      | 2124 ||| Stepping ~*~*~tactically~*~*~ (stealth).
  2143 | D:3      | Reached skill level 5 in Axes
  2370 | D:3      | Noticed Natasha
  2376 | D:3      | Killed Natasha
  2453 | D:3      | Reached XP level 6. HP: 38/38 MP: 6/6
  2455 | D:3      | 2455 ||| Stepping ~*~*~tactically~*~*~ (stealth).
  2532 | D:3      | Noticed Robin
  2533 | D:3      | 2533 ||| Stepping ~*~*~tactically~*~*~ (hiding).
  2533 | D:3      | Noticed Natasha
  2534 | D:3      | 2534 ||| Stepping ~*~*~tactically~*~*~ (hiding).
  2545 | D:3      | Killed Natasha
  2546 | D:3      | Reached skill level 1 in Dodging
  2549 | D:3      | Killed Robin
  2791 | D:3      | 2791 ||| Stepping ~*~*~tactically~*~*~ (stealth).
  2812 | D:3      | Noticed Natasha
  2814 | D:3      | 2814 ||| Stepping ~*~*~tactically~*~*~ (hiding).
  2820 | D:3      | Killed Natasha
  2972 | D:3      | 2972 ||| DROPPING +0 whip.
  3111 | D:3      | 3111 ||| UPGRADING to +0 cloak.
  3116 | D:3      | 3116 ||| UPGRADING to +0 helmet.
  3121 | D:3      | 3121 ||| DRINKING 2 blue potions.
  3122 | D:3      | 3122 ||| DRINKING 2 murky black potions.
  3123 | D:3      | 3123 ||| DROPPING potion of degeneration.
  3139 | D:4      | 3139 ||| Stepping ~*~*~tactically~*~*~ (stealth).
  3141 | D:4      | 3141 ||| Stepping ~*~*~tactically~*~*~ (hiding).
  3145 | D:4      | 3145 ||| Stepping ~*~*~tactically~*~*~ (hiding).
  3153 | D:4      | HP: 9/38 [gnoll/+0 halberd (8)]
  3153 | D:4      | HP: 4/38 [gnoll/+0 halberd (5)]
  3154 | D:4      | Slain by a gnoll

Levels and vault maps discovered:
D:1:      grunt_arrival_crossed_arrows, layout_basic,
          shapermc_ecumenical_altar_ellora, chequers_hall_statues_y,
          serial_bayou_ford_a
D:2:      layout_basic, serial_shops, shop, uniq_terence, uniq_jessica
D:3:      layout_rooms, uniq_natasha, uniq_robin
D:4:      layout_loops_cross, mainiacjoe_overflow_small_starburst

Skill      XL: |  1  2  3  4  5  6 |
---------------+-------------------+-----
Axes           | 2 3 4 5 |  5.7
Fighting       | 4 |  4.0
Dodging        | 1 |  1.3
Armour         | |  3.2
Shields        | |  3.2

Action                   |  1- 3 |  4- 6 || total
-------------------------+-------+-------++-------
Melee: War axe           |    58 |   158 ||   216
  Use: Scroll            |     3 |     2 ||     5
       Potion            |     1 |     2 ||     3
Armor: Scale mail        |    37 |   114 ||   151
Dodge: Dodged            |    28 |    81 ||   109
Block: Buckler           |    13 |    37 ||    50

Table legend:
 A = Non-vault XP
 B = Vault XP
 C = Vault XP percentage of total XP
 D = Non-vault monster count
 E = Vault monster count
 F = Vault count percentage of total count
                 A         B        C        D         E       F
            +---------+---------+-------+---------+---------+-------
      Total |     400 |     143 |  26.3 |      48 |      16 |  25.0
            +---------+---------+-------+---------+---------+-------
        D:1 |      24 |       0 |   0.0 |      14 |       0 |   0.0
        D:2 |      49 |      69 |  58.5 |      10 |       2 |  16.7
        D:3 |     311 |      74 |  19.2 |      22 |      14 |  38.9
        D:4 |      16 |       0 |   0.0 |       2 |       0 |   0.0
            +---------+---------+-------+---------+---------+-------
